 Dungeon Crawl Stone Soup version 0.32-a0-900-g30fb1b0edc (webtiles) character file.

Game seed: 14809697981941335884

4 SirFunk the Firebug (level 1, 0/14 HPs)
             Began as a Mountain Dwarf Fire Elementalist on Apr 5, 2024.
             Slain by a quokka (4 damage)
             ... on level 1 of the Dungeon.
             The game lasted 00:00:33 (116 turns).

SirFunk the Firebug (MDFE)                           Turns: 116, Time: 00:00:33

Health: 0/14       AC:  2    Str: 10    XL:     1   Next: 50%
Magic:  3/3        EV: 10    Int: 15    God:
Gold:   27         SH:  0    Dex: 10    Spells: 2/3 levels left

rFire   . . .        d - +0 mace
rCold   . . .        (no shield)
rNeg    . . .        a - +0 robe
rPois   .            (no helmet)
rElec   .            (no cloak)
rCorr   .            (no gloves)
SInv    .            (no boots)
Will    .....        (no amulet)
Stlth   ++           (no ring)
HPRegen 0.22/turn    (no ring)
MPRegen 0.08/turn

%: no passive effects
@: no status effects
A: runic magic, artefact enchanting
a: no special abilities


You were on level 1 of the Dungeon.
You visited 1 branch of the dungeon, and saw 1 of its levels.

You collected 27 gold pieces.

Inventory:

Hand Weapons
 d - a +0 mace (weapon)
Armour
 a - a +0 robe (worn)
Scrolls
 c - a scroll of enchant weapon {unknown}
Potions
 b - a potion of magic


   Skills:
 - Level 1.3 Dodging
 - Level 1.4 Stealth
 + Level 1.7 Spellcasting
 + Level 0.8 Conjurations
 * Level 4.0 Fire Magic


You had 2 spell levels left.
You knew the following spells:

 Your Spells              Type           Power      Damage    Failure   Level
a - Foxfire               Conj/Fire      32%        2x1d5     9%          1

Your spell library contained the following spells:

 Spells                   Type           Power      Damage    Failure   Level
 Scorch                   Fire           26%        2d6       7%          2
 Inner Flame              Hex/Fire       7%         N/A       30%         3
 Volatile Blastmotes      Fire/Tloc      14%        2d11      30%         3
 Flame Wave               Conj/Fire      8%         2d5       63%         4


Dungeon Overview and Level Annotations

Branches:
Dungeon (1/15)

Altars:


Innate Abilities, Weirdness & Mutations

Your spellcasting is much less encumbered by armour.
You can use scrolls of enchantment on lesser artefacts.


Message History

The giant cockroach is heavily wounded.
The giant cockroach bites you. The giant cockroach misses you.
You barely miss the giant cockroach.
The giant cockroach is heavily wounded.
The giant cockroach closely misses you.
You sock the giant cockroach!
You kill the giant cockroach!
The hobgoblin hits you but does no damage.
You barely miss the hobgoblin. The hobgoblin misses you.
You closely miss the hobgoblin. The hobgoblin closely misses you.
You hit the hobgoblin.
The hobgoblin is moderately wounded.
The hobgoblin hits you but does no damage.
The hobgoblin barely misses you.
You closely miss the hobgoblin.
The hobgoblin is moderately wounded.
The hobgoblin closely misses you.
You closely miss the hobgoblin.
The hobgoblin is moderately wounded.
The hobgoblin hits you. The hobgoblin barely misses you.
You hit the hobgoblin but do no damage.
The hobgoblin is moderately wounded.
The hobgoblin closely misses you.
You sock the hobgoblin!
You kill the hobgoblin!
The quokka barely misses you.
Your Fire Magic skill increases to level 4!
You closely miss the quokka. The quokka bites you.
You miss the quokka. The quokka misses you. x2
You hit the quokka but do no damage. The quokka barely misses you. x2
You barely miss the quokka. The quokka closely misses you.
The quokka bites you but does no damage.
You barely miss the quokka. The quokka closely misses you.
You hit the quokka but do no damage. The quokka barely misses you.
The quokka misses you.
You barely miss the quokka. The quokka bites you. x2
You closely miss the quokka. The quokka bites you.
* * * LOW HITPOINT WARNING * * *
You barely miss the quokka. The quokka bites you.
You die...

#.... #....# #...#
..... #....# ##.##
...##?...# #..#
#..#....# #.##
#.......# #.##
#.......# #..#
###.....# ##.#
##r###.# #.#
#..@##.# #.#
#......##### ##.#
#.#........####..###
###....##.>........#
#......#..#####.##.#
#.#..........#..##.#
#.#....#.........# #
# #.....###..###....
#####.# #†..# ...#


You could see a quokka.

Vanquished Creatures
  A giant cockroach (D:1)
  A hobgoblin (D:1)
  2 rats (D:1)
4 creatures vanquished.

Notes
Turn   | Place    | Note
-------+----------+-------------------------------------------
     0 | D:1      | SirFunk the Mountain Dwarf Fire Elementalist began the
                  | quest for the Orb.
     0 | D:1      | Reached XP level 1. HP: 14/14 MP: 3/3
   108 | D:1      | Reached skill level 4 in Fire Magic
   116 | D:1      | Slain by a quokka

Illustrated notes

Levels and vault maps discovered:
D:1:      dpeg_arrival_rooms_with_view, layout_basic

Skill      XL: |  1 |
---------------+----+-----
Fire Magic     | 4 |  4.0
Dodging        | |  1.3
Stealth        | |  1.4
Spellcasting   | |  1.7
Conjurations   | |  0.8

Action                     || total
---------------------------++-------
  Melee: Mace              ||    25
   Stab: Sleeping          ||     2
 Armour: Robe              ||    16
  Dodge: Dodged            ||    22

Table legend: (Time is in decaauts)
 A = Elapsed time spent in this place.
 B = Non-inter-level travel time spent in this place.
 C = Inter-level travel time spent in this place.
 D = Time resting spent in this place.
 E = Time spent auto-exploring this place.
 F = Levels seen in this place.
 G = Mean time per level.
                   A        B        C        D        E       F      G
               +--------+--------+--------+--------+--------+-----+--------+
         Total |    125 |    125 |      0 |      0 |      0 |   1 |  125.0 |
       Dungeon |    125 |    125 |      0 |      0 |      0 |   1 |  125.0 |
               +--------+--------+--------+--------+--------+-----+--------+

Top non-repeatable levels by time:
     D:1: 125 daAuts
